 Dungeon Crawl Stone Soup version 0.27.0-66-gdc8fb28755 (webtiles) character file.

Game seed: 3480613478808814818

26 Kinoniko the Chopper (level 3, -5/31 HPs)
             Began as a Hill Orc Berserker on Aug 20, 2021.
             Was a Follower of Trog.
             Slain by Sigmund (7 damage)
             ... on level 2 of the Dungeon.
             The game lasted 00:01:01 (1074 turns).

Kinoniko the Chopper (Hill Orc Berserker)           Turns: 1074, Time: 00:01:02

Health: -5/31      AC:  4    Str: 20    XL:     3   Next: 8%
Magic:  3/3        EV: 11    Int:  5    God:    Trog [*.....]
Gold:   45         SH:  0    Dex: 10    Spells: 2/2 levels left

rFire    . . .     SeeInvis .   a - +0 hand axe
rCold    . . .     Faith    .   (no shield)
rNeg     . . .     Spirit   .   b - +0 animal skin
rPois    .         Reflect  .   (no helmet)
rElec    .         Harm     .   (no cloak)
rCorr    .         Rampage  .   (no gloves)
Will     .....                  (no boots)
Stlth    +.........             g - amulet of the acrobat
HPRegen  0.10/turn              (no ring)
MPRegen  0.08/turn              (no ring)

@: no status effects
A: iridescent scales 1, dopey 1
a: Renounce Religion, Berserk


You were on level 2 of the Dungeon.
You worshipped Trog.
Trog was aware of your devotion.
You visited 1 branch of the dungeon, and saw 2 of its levels.

You collected 45 gold pieces.

Inventory:

Hand Weapons
 a - a +0 hand axe (weapon)
Armour
 b - a +0 animal skin (worn)
Jewellery
 g - an amulet of the acrobat (around neck)
Scrolls
 c - a scroll of immolation {unknown}
 d - a scroll of amnesia {unknown}
 h - a scroll of identify {unknown}
Potions
 i - a potion of curing {unknown}
 j - a potion of heal wounds {unknown}


   Skills:
 - Level 3.6 Fighting
 * Level 5.5 Axes
 - Level 2.1 Armour
 - Level 1.5 Dodging


You had 2 spell levels left.
You didn't know any spells.
Your spell library was empty.

Dungeon Overview and Level Annotations

Branches:
Dungeon (2/15)

Altars:

Annotations:
D:2 Sigmund


Innate Abilities, Weirdness & Mutations

You are partially covered in iridescent scales. (AC +2)
You are dopey. (Int -2)


Message History

No target in view!
No target in view!
No target in view!
No target in view!
No target in view!
No target in view!
No target in view!
No target in view!
No target in view!
No target in view!
No target in view!
You see here a +0 short sword.
j - a glowing blue potion
Found a stone staircase leading down.
There is a stone staircase leading down here.
A rat comes into view.
Sigmund the Dreaded comes into view.
He is wielding a +0 scythe.
Sigmund shouts!
Sigmund mumbles some strange words.
Sigmund flickers and vanishes!
Deactivating autopickup; reactivate with Ctrl-A.
The rat closely misses you.
You hit the rat but do no damage. The rat barely misses you.
You barely miss the rat. The rat closely misses you.
You barely miss the rat. The rat misses you. Something hits you!
You closely miss the rat. The rat barely misses you. Something hits you!
You barely miss the rat. The rat bites you but does no damage.
Something hits you.
You are too injured to fight recklessly!
You are too injured to fight recklessly!
You are too injured to fight recklessly!
Unknown command.
It was a potion of mutation.
You feel extremely strange.
You feel stupid.
Iridescent scales grow over part of your body.
The rat closely misses you. Something hits you!
* * * LOW HITPOINT WARNING * * *
It was a potion of magic.
Magic courses through your body. The rat closely misses you.
Something hits you!
You die...

#....).....(.
#.......###..
#.......###.#
#...........#
#...#####.#####
..## #.##### .
## #....># ...
#####.####.....
#..@r{.....
######^.... ...
.


You could see a rat.

Vanquished Creatures
  2 giant cockroaches (D:1)
  2 hobgoblins (D:1)
  6 kobolds
  A ball python (D:1)
  4 bats (D:1)
  5 frilled lizards (D:1)
  5 goblins (D:1)
  2 rats (D:1)
27 creatures vanquished.

Notes
Turn   | Place    | Note
-------+----------+-------------------------------------------
     0 | D:1      | Kinoniko the Hill Orc Berserker began the quest for the
                  | Orb.
     0 | D:1      | Reached XP level 1. HP: 19/19 MP: 1/1
    84 | D:1      | Found a faded altar of an unknown god.
   174 | D:1      | Reached XP level 2. HP: 23/26 MP: 2/2
   219 | D:1      | Reached skill level 5 in Axes
   652 | D:1      | Reached XP level 3. HP: 17/31 MP: 3/3
  1066 | D:2      | Noticed Sigmund
  1073 | D:2      | Gained mutation: You are dopey. (Int -2) [potion of
                  | mutation]
  1073 | D:2      | Gained mutation: You are partially covered in iridescent
                  | scales. (AC +2) [potion of mutation]
  1074 | D:2      | Slain by Sigmund

Illustrated notes

Levels and vault maps discovered:
D:1:      tarquinn_simple_flora_water_c, layout_rooms,
          hellmonk_ecumenical_altar_zigzags
D:2:      layout_rooms, uniq_sigmund

Skill      XL: |  1  2 |
---------------+-------+-----
Axes           | 5 |  5.5
Fighting       | |  3.6
Armour         | |  2.1
Dodging        | |  1.5

Action                   || total
-------------------------++-------
Melee: Hand axe          ||    80
Invok: Berserk           ||     1
  Use: Potion            ||     2
Armor: Animal skin       ||    25
Dodge: Dodged            ||    60
